 Dungeon Sprint DCSS version 0.22.1-2-g9c5b331383 (webtiles) character file.

44 Elric the Skirmisher (level 3, 0/31 HPs)
             Began as a Demonspawn Fighter on Nov 21, 2018.
             Was an Initiate of Ru.
             Slain by an orc warrior
             ... wielding a +0 battleaxe
              (18 damage)
             ... in the Dungeon (Sprint IX: "|||||||||||||||||||||||||||||").
             The game lasted 00:01:20 (287 turns).

Elric the Skirmisher (Demonspawn Fighter)            Turns: 287, Time: 00:01:21

Health: 0/31       AC:  7    Str: 16    XL:     3   Next: 41%
Magic:  3/3        EV: 10    Int: 12    God:    Ru [......]
Gold:   0          SH:  9    Dex: 13    Spells: 2/2 levels left

rFire    . . .     SeeInvis .   a - +0 war axe
rCold    . . .     Gourm    .   c - +0 shield
rNeg     . . .     Faith    .   s - +2 ring mail
rPois    .         Spirit   .   (no helmet)
rElec    .         Reflect  .   (no cloak)
rCorr    .         Harm     .   (no gloves)
MR       .....     NoTele   +   (no boots)
Stlth    +.........             (no amulet)
HPRegen  0.10/turn              q - +2 ring of evasion
MPRegen  0.08/turn              r - +3 ring of intelligence

@: no status effects
A: claws 1
a: Renounce Religion


You were in the Dungeon.
You worshipped Ru.
Ru was noncommittal.
You were not hungry.

You visited 1 branch

Inventory:

Hand Weapons
 a - a +0 war axe (weapon)
Armour
 b - a +0 scale mail
 c - a +0 shield (worn)
 s - a +2 ring mail (worn)
Jewellery
 q - a +2 ring of evasion (left claw)
 r - a +3 ring of intelligence (right claw)
Wands
 p - a wand of iceblast (10)
Scrolls
 k - 2 scrolls of blinking
 n - 3 scrolls of remove curse
 o - 2 scrolls of amnesia
Potions
 d - a potion of might
 e - 5 potions of curing
 g - 3 potions of heal wounds
 h - a potion of haste
 i - 4 potions of magic
 j - a potion of berserk rage
 m - a potion of invisibility
Comestibles
 f - a ration


   Skills:
 + Level 4.5 Fighting
 + Level 3.3 Axes
 + Level 4.1 Armour
 + Level 4.1 Shields


You had 2 spell levels left.
You didn't know any spells.
Your spell library was empty.

Dungeon Overview and Level Annotations

Branches:
Dungeon (1/1)

Altars:
Cheibriados
Dithmenos
Elyvilon
Fedhas
Gozag
Hepliaklqana
Kikubaaqudgha
Makhleb
Nemelex Xobeh
Okawaru
Qazlal
Ru
Sif Muna
Trog
Uskayaw
Vehumet
Wu Jian
Xom
Yredelemnul
Zin
The Shining One
Beogh
Jiyva
Lugonu


Innate Abilities, Weirdness & Mutations

You have sharp fingernails.


Message History

Items here: ))))))
You block the orc warrior's attack.
You see here an uncursed staff of energy.
There is an open door here.
There is a glowing golden altar of the Shining One here.
The sky beast flickers out of sight!
Deactivating autopickup; reactivate with Ctrl-A.
There is a glowing silver altar of Zin here.
There is a basalt altar of Yredelemnul here.
There is a shimmering altar of Xom here.
There is an ornate altar of the Wu Jian Council here.
You are no longer corroded.
There is a radiant altar of Vehumet here.
There is a hide-covered altar of Uskayaw here.
There is a bloodstained altar of Trog here.
There is a deep blue altar of Sif Muna here.
There is a sacrificial altar of Ru here.
The orc warrior hits you with a battleaxe!!
Ouch! That really hurt!
You die...

▓_▓
▓_▓
▓_▓
▓_▓
▓_▓
▓_▓
▓_▓
▓_▓
▓@▓
▓o▓
▓F▓
▓s▓
▓_▓
▓_▓
▓S▓
▓_▓
▓S▓


You could see an orc warrior, a water moccasin, a bullfrog and a scorpion.

Vanquished Creatures
  A jelly (D)
  A dart slug (D)
  A leopard gecko (D)
  A bat (D)
  A bat skeleton (D)
  A bat zombie (D)
  2 giant cockroaches (D)
  A hobgoblin (D)
  A jackal (D)
  A goblin (D)
11 creatures vanquished.

Notes
Turn   | Place    | Note
-------+----------+-------------------------------------------
     0 | D        | Elric the Demonspawn Fighter began the quest for the Orb.
     0 | D        | Reached XP level 1. HP: 18/18 MP: 1/1
    44 | D        | Gained mutation: You have sharp fingernails. [demonic
                  | ancestry]
    44 | D        | Reached XP level 2. HP: 24/25 MP: 2/2
   195 | D        | Found a roughly hewn altar of Beogh.
   195 | D        | Found a snail-covered altar of Cheibriados.
   195 | D        | Found a shadowy altar of Dithmenos.
   195 | D        | Found a white marble altar of Elyvilon.
   195 | D        | Found a blossoming altar of Fedhas.
   195 | D        | Found an opulent altar of Gozag.
   196 | D        | Found a hazy altar of Hepliaklqana.
   197 | D        | Found a viscous altar of Jiyva.
   198 | D        | Found an ancient bone altar of Kikubaaqudgha.
   199 | D        | Found a corrupted altar of Lugonu.
   200 | D        | Found a burning altar of Makhleb.
   201 | D        | Found a sparkling altar of Nemelex Xobeh.
   202 | D        | Found an iron altar of Okawaru.
   203 | D        | Found a stormy altar of Qazlal.
   204 | D        | Found a sacrificial altar of Ru.
   205 | D        | Found a deep blue altar of Sif Muna.
   206 | D        | Found a bloodstained altar of Trog.
   207 | D        | Found a hide-covered altar of Uskayaw.
   208 | D        | Found a radiant altar of Vehumet.
   209 | D        | Found an ornate altar of the Wu Jian Council.
   210 | D        | Found a shimmering altar of Xom.
   211 | D        | Found a basalt altar of Yredelemnul.
   212 | D        | Became a worshipper of Ru the Awakened
   213 | D        | Found a glowing silver altar of Zin.
   214 | D        | Found a glowing golden altar of the Shining One.
   263 | D        | Noticed an orc warrior
   263 | D        | Noticed a bullfrog
   263 | D        | Noticed a scorpion
   263 | D        | Noticed a sky beast
   263 | D        | Noticed a water moccasin
   267 | D        | Reached XP level 3. HP: 16/31 MP: 3/3
   287 | D        | Slain by an orc warrior

Skill      XL: |  1  2 |
---------------+-------+-----
Armour         | 3 4 |  4.1
Shields        | 3 4 |  4.1
Axes           | 2 3 |  3.3
Fighting       | 4 |  4.5

Action                   || total
-------------------------++-------
Melee: War axe           ||    42
Armor: Scale mail        ||    19
Dodge: Dodged            ||    17
Block: Shield            ||    28
